 Dungeon Crawl Stone Soup version 0.29-a0-841-g116ddc6ace (webtiles) character file.

Game seed: 14642588919101191575

84 xian the Trooper (level 4, -2/35 HPs)
             Began as a Demonspawn Fighter on July 14, 2022.
             Slain by a worm (7 damage)
             ... on level 2 of the Dungeon.
             The game lasted 00:05:07 (2202 turns).

xian the Trooper (Demonspawn Fighter)               Turns: 2202, Time: 00:05:08

Health: -2/35      AC: 10    Str: 18    XL:     4   Next: 23%
Magic:  4/4        EV:  7    Int: 10    God:
Gold:   63         SH:  4    Dex: 12    Spells: 3/3 levels left

rFire   . . .      SeeInvis .   a - +0 long sword
rCold   . . .      Faith    .   c - +0 buckler
rNeg    . . .      Spirit   .   m - +0 chain mail
rPois   +          Reflect  .   (no helmet)
rElec   .          Harm     .   (no cloak)
rCorr   .          Rampage  .   (no gloves)
Will    +....                   g - +0 pair of boots
Stlth   ..........              (no amulet)
HPRegen 0.11/turn               f - ring of poison resistance
MPRegen 0.09/turn               b - ring of willpower

@: no status effects
A: demonic magic 2
a: no special abilities


You were on level 2 of the Dungeon.
You visited 1 branch of the dungeon, and saw 2 of its levels.

You collected 63 gold pieces.

Inventory:

Hand Weapons
 a - a +0 long sword (weapon)
Armour
 c - a +0 buckler (worn)
 g - a +0 pair of boots (worn)
 m - a +0 chain mail (worn)
Jewellery
 b - a ring of willpower (right hand)
 f - a ring of poison resistance (left hand)
Scrolls
 e - 3 scrolls of identify {unknown}
 h - a scroll of fog {unknown}
 i - a scroll of immolation
 l - a scroll of teleportation {unknown}
 p - a scroll of blinking {unknown}
 q - a scroll of brand weapon {unknown}
 r - a scroll of poison {unknown}
Potions
 d - a potion of might
 j - a potion of brilliance {unknown}
 k - a potion of heal wounds {unknown}
 n - a potion of haste {unknown}
 o - 2 potions of magic {unknown}


   Skills:
 + Level 3.5 Fighting
 + Level 2.2 Long Blades
 + Level 3.2 Armour
 + Level 1.4 Dodging
 + Level 3.1 Shields


You had 3 spell levels left.
You didn't know any spells.
Your spell library contained the following spells:

 Spells                   Type           Power      Damage    Failure   Level
 Apportation              Tloc           0%         N/A       100%        1
 Necrotise                Necr           0%         1d4       100%        1
 Summon Small Mammal      Summ           0%         N/A       100%        1


Dungeon Overview and Level Annotations

Branches:
Dungeon (2/15)

Altars:
Dithmenos

Shops:
D:1 [


Innate Abilities, Weirdness & Mutations

Spells you cast may paralyse nearby enemies.


Message History

The worm is heavily wounded.
The worm bites you.
You completely miss the worm.
The worm is heavily wounded.
You block the worm's attack.
You barely miss the worm.
The worm is heavily wounded.
You barely miss the worm.
The worm is heavily wounded.
The worm closely misses you.
You hit the worm but do no damage.
The worm is heavily wounded.
The worm bites you but does no damage.
You hit the worm but do no damage.
The worm is moderately wounded.
The worm bites you!
You hit the worm but do no damage.
The worm is moderately wounded.
The worm bites you.
* * * LOW HITPOINT WARNING * * *
You barely miss the worm.
The worm is moderately wounded.
You block the worm's attack.
You hit the worm.
The worm is moderately wounded.
You slash the worm!
The worm is severely wounded.
The worm barely misses you.
You hit the worm.
The worm is severely wounded.
The worm bites you.
* * * LOW HITPOINT WARNING * * *
You barely miss the worm.
The worm is severely wounded.
The worm bites you.
* * * LOW HITPOINT WARNING * * *
You hit the worm.
The worm is almost dead.
The worm bites you!
You die...

#.........##
###........... .$......#
............# #.......#
.##.........####.......#
.##....................#
.......................#
.......................#
.......................#
###...........).@w.....#
##...##...#..........#
#.###################
#.###########
#...........#
##.....>....#
#..........#
######...#######
..#..'...'..#..#


You could see a worm.

Vanquished Creatures
  4 adders (D:2)
  A worm (D:2)
  8 ball pythons
  2 endoplasms
  3 goblins
  2 hobgoblins
  7 jackals (D:2)
  5 kobolds
  2 quokkas
  6 bats
  4 frilled lizards
  2 rats
46 creatures vanquished.

Notes
Turn   | Place    | Note
-------+----------+-------------------------------------------
     0 | D:1      | xian the Demonspawn Fighter began the quest for the Orb.
     0 | D:1      | Reached XP level 1. HP: 18/18 MP: 1/1
   579 | D:1      | Gained mutation: Spells you cast may paralyse adjacent
                  | enemies. [demonic ancestry]
   579 | D:1      | Reached XP level 2. HP: 19/24 MP: 2/2
   831 | D:1      | Found Ciuluuna's Antique Armour Shop.
  1084 | D:1      | Found a faded altar of an unknown god.
  1306 | D:2      | Reached XP level 3. HP: 2/29 MP: 3/3
  1631 | D:2      | Reached skill level 1 in Dodging
  1776 | D:2      | Found a shadowy altar of Dithmenos.
  1985 | D:2      | Gained mutation: Spells you cast may paralyse nearby
                  | enemies. [demonic ancestry]
  1985 | D:2      | Reached XP level 4. HP: 30/35 MP: 4/4
  2202 | D:2      | Slain by a worm

Illustrated notes

Levels and vault maps discovered:
D:1:      dpeg_arrival_erosion, layout_basic, hellmonk_ecumenical_altar_blasted,
          serial_shops, shop
D:2:      layout_rooms, basic_altar, serial_shops, shop, minmay_snake_closets

Skill      XL: |  1  2  3 |
---------------+----------+-----
Long Blades    | 2 |  2.2
Shields        | 3 |  3.1
Armour         | 3 |  3.2
Dodging        | 1 |  1.4
Fighting       | |  3.5

Action                   |  1- 3 |  4- 6 || total
-------------------------+-------+-------++-------
Melee: Long sword        |   176 |    29 ||   205
Armor: Scale mail        |   103 |       ||   103
       Chain mail        |    21 |     8 ||    29
Dodge: Dodged            |    95 |     6 ||   101
Block: Buckler           |    37 |     2 ||    39

Table legend: (Time is in decaauts)
 A = Elapsed time spent in this place.
 B = Non-inter-level travel time spent in this place.
 C = Inter-level travel time spent in this place.
 D = Time resting spent in this place.
 E = Time spent auto-exploring this place.
 F = Levels seen in this place.
 G = Mean time per level.
                   A        B        C        D        E       F      G
               +--------+--------+--------+--------+--------+-----+--------+
         Total |   2270 |   2247 |     23 |    261 |   1419 |   2 | 1135.0 |
       Dungeon |   2270 |   2247 |     23 |    261 |   1419 |   2 | 1135.0 |
               +--------+--------+--------+--------+--------+-----+--------+

Top non-repeatable levels by time:
     D:1: 1536 daAuts
     D:2: 734 daAuts
